Map: Acid Plant LE

Players

nik

  • Race: Zerg Zerg
  • League: Silver
  • Spawn Location: 5:00

Sketchaphone - Winner!

  • Race: Zerg Zerg
  • League: Gold
  • Spawn Location: 11:00

VOD

Have the link to the VOD?

Description

Time

  • Played on: Nov. 10, 2018, 4:50 p.m.
  • Length: 14:46
Show
View Real Time Build Order
Export as new Build Order

nik Zerg 

Build Orders: Pool First 

Get SALT Encoding   

  12  0:05  Drone  
  13  0:14  Overlord  
  13  0:18  Drone  
  14  0:32  Drone x2  
  16  0:39  Drone  
  17  0:43  Extractor  
  16  0:50  Spawning Pool  
  16  0:52  Drone  
  16  1:00  Drone  
  17  1:11  Drone  
  18  1:23  Drone  
  19  1:35  Hatchery  
  19  1:39  Drone  
  19  1:43  Drone  
  19  1:45  Metabolic Boost  
  20  2:01  Zergling x2  
  20  2:04  Queen  
  20  2:06  Overlord  
  22  2:22  Overlord  
  22  2:31  Zergling x2  
  23  2:37  Zergling x2  
  23  2:39  Queen  
  26  2:48  Zergling x4  
  28  2:54  Extractor  
  27  3:00  Zergling x4  
  26  3:10  Overlord x2  
  26  3:13  Zergling x4  
  28  3:22  Overlord x2  
  28  3:29  Queen  
  30  3:49  Lair  
  30  3:52  Drone x2  
  30  3:53  Drone  
  30  3:55  Drone  
  34  4:01  Zergling x2  
  29  4:05  Zergling x2  
  26  4:12  Zergling x2  
  25  4:17  Zergling x2  
  26  4:28  Zergling x4  
  28  4:37  Zergling x6  
  30  4:50  Zergling x2  
  31  4:57  Zergling x4  
  33  5:03  Zergling x2  
  34  5:12  Queen  
  37  5:14  Zergling x2  
  37  5:20  Spine Crawler  
  36  5:27  Spine Crawler, Drone  
  36  5:34  Drone  
  37  5:44  Drone  
  37  5:47  Queen  
  40  5:55  Drone  
  41  6:06  Drone  
  42  6:18  Evolution Chamber  
  42  6:21  Drone  
  42  6:22  Evolution Chamber  
  42  6:23  Zergling x6  
  44  6:39  Hatchery  
  43  6:44  Zergling x4  
  46  6:47  Zerg Melee Weapons Level 1  
  46  6:48  Zerg Ground Armor Level 1  
  46  6:55  Zergling x4  
  46  6:56  Zergling x2  
  48  7:14  Drone  
  48  7:15  Spire, Drone  
  47  7:27  Drone  
  47  7:28  Spine Crawler  
  47  7:33  Spine Crawler  
  46  7:51  Zergling x6  
  49  7:59  Queen  
  51  8:07  Spire, Zergling x2  
  51  8:09  Zergling x2  
  53  8:12  Zergling x2  
  53  8:29  Overlord x2  
  53  8:53  Mutalisk x3  
  59  9:03  Zerg Melee Weapons Level 2  
  59  9:18  Mutalisk x2  
  59  9:22  Zergling x2  
  64  9:31  Pneumatized Carapace  
  64  9:39  Mutalisk  
  66  9:59  Zerg Ground Armor Level 2  
  49  10:23  Mutalisk x2  
  49  10:25  Zergling x2  
  49  10:26  Zergling x2  
  42  10:57  Hatchery  
  40  11:07  Zergling x2  
  40  11:08  Zergling x2  
  41  11:18  Zergling x8  
  42  11:19  Zergling x2  
  41  11:49  Hatchery  
  40  12:05  Queen  
  42  12:10  Drone  
  43  12:36  Drone  
  44  12:37  Drone x4  
  44  12:41  Drone  
  49  12:52  Drone x2  
  49  12:55  Drone  
  52  13:06  Zergling x4  
  52  13:07  Zergling x2  
  52  13:10  Zergling x2  
  56  13:19  Drone  
  58  13:20  Drone x2  
  58  13:24  Drone  
  58  13:34  Zergling x2  
  58  13:35  Zergling x6  
  56  13:43  Zergling x6  
  55  13:49  Zergling x6  
  49  14:03  Zergling x4  
  33  14:12  Zergling x4  
  25  14:31  Spine Crawler  
  25  14:34  Hatchery  
Show
View Real Time Build Order
Export as new Build Order

Sketchaphone Zerg - Winner!

Build Orders: Pool First 

Get SALT Encoding   

  12  0:01  Drone  
  13  0:08  Drone  
  13  0:14  Extractor  
  13  0:16  Drone  
  15  0:35  Spawning Pool  
  14  0:59  Hatchery  
  14  1:01  Drone  
  14  1:02  Extractor  
  14  1:03  Drone  
  14  1:15  Overlord  
  14  1:33  Queen  
  16  1:43  Zergling x6  
  19  1:57  Drone  
  20  2:10  Queen  
  20  2:12  Metabolic Boost  
  22  2:27  Overlord, Drone x2  
  24  2:31  Zergling x2  
  24  2:35  Zergling x2  
  24  2:36  Zergling x2  
  27  2:40  Zergling x2  
  29  2:58  Zergling x6  
  29  3:11  Zergling x8  
  32  3:15  Overlord  
  32  3:32  Spine Crawler  
  31  3:42  Overlord  
  31  3:46  Drone x2  
  31  3:47  Roach Warren  
  32  3:48  Pneumatized Carapace  
  32  3:54  Overlord  
  28  4:13  Overlord  
  28  4:14  Overlord  
  28  4:20  Drone  
  28  4:21  Drone x2  
  31  4:37  Drone x2  
  33  4:44  Drone x2  
  33  4:50  Roach  
  33  4:51  Roach x2  
  39  5:16  Hatchery  
  38  5:21  Overlord  
  38  5:22  Drone x3  
  38  5:23  Drone x2  
  43  5:36  Roach x4  
  51  5:45  Roach, Drone  
  51  5:46  Drone  
  55  5:57  Zergling x2  
  55  5:58  Zergling x8  
  55  6:01  Drone x2  
  62  6:11  Overlord  
  62  6:12  Drone x3  
  65  6:24  Evolution Chamber  
  64  6:26  Overlord  
  64  6:27  Overlord  
  64  6:30  Queen  
  64  6:32  Roach  
  68  6:33  Roach  
  68  6:37  Ravager  
  71  6:55  Overlord  
  71  6:56  Overlord  
  71  6:57  Roach x3  
  77  7:13  Zergling x2  
  77  7:14  Zergling x22  
  89  7:22  Extractor  
  88  7:23  Drone x2  
  88  7:25  Queen  
  88  7:26  Drone  
  93  7:50  Drone x2  
  93  7:51  Drone x2  
  97  7:54  Zergling x14  
  104  7:59  Spore Crawler  
  104  8:04  Drone  
  104  8:05  Drone x4  
  108  8:07  Drone  
  109  8:14  Overlord  
  109  8:15  Zergling x2  
  110  8:32  Lair  
  110  8:33  Hatchery  
  109  8:50  Ravager x4  
  113  8:57  Drone  
  113  8:58  Drone  
  113  8:59  Drone x4, Extractor  
  113  9:01  Extractor  
  114  9:29  Spore Crawler x2  
  114  9:30  Drone x3  
  115  9:38  Zergling x2  
  116  9:41  Zerg Melee Weapons Level 1  
  116  9:43  Roach x2  
  116  9:44  Glial Reconstitution  
  116  9:45  Evolution Chamber  
  119  9:53  Hydralisk Den  
  78  10:29  Zergling x12  
  78  10:30  Zergling x38  
  78  10:34  Hydralisk  
  93  10:40  Zergling x4  
  89  10:48  Hydralisk  
  89  10:49  Hydralisk x5  
  101  10:57  Zergling x6  
  101  11:00  Overlord  
  97  11:12  Hatchery  
  87  11:22  Hatchery x2  
  79  11:29  Hydralisk  
  79  11:30  Hydralisk x10  
  98  11:39  Hydralisk  
  93  11:40  Hydralisk x3  
  93  11:43  Zerg Ground Armor Level 1  
  93  11:46  Drone x2  
  103  12:00  Queen  
  105  12:04  Spore Crawler  
  105  12:05  Hydralisk  
  105  12:06  Hydralisk x5  
  105  12:08  Zergling x20  
  126  12:14  Grooved Spines  
  126  12:17  Drone  
  126  12:18  Drone, Extractor x2  
  127  12:30  Drone, Hydralisk x3  
  127  12:33  Overlord x2  
  127  12:34  Drone x2  
  135  12:49  Hydralisk x4  
  143  12:59  Drone x3  
  146  13:08  Queen  
  146  13:10  Hydralisk x3  
  154  13:24  Queen x2  
  154  13:25  Muscular Augments  
  158  13:27  Overlord  
  158  13:28  Hydralisk x2  
  157  13:51  Roach x6  
  165  14:07  Zergling x2  
  165  14:08  Zergling x16  
  168  14:21  Roach  
Tags
 
Matchup
ZvZ
Race
Zerg
Replay Pack
init
Spawn Locations
Cross Positions
Add a new tag
Caveats
  • Supply blocks, unpowered buildings, or Contaminate may cause inaccurate times.
  • Supply counts are checked every 10 seconds.